 Dungeon Crawl Stone Soup version 0.31-a0-202-g547052bce9 (webtiles) character file.

Game seed: 3207315703639152649

259 qw the Skirmisher (level 5, -2/30 HPs)
             Began as a Deep Elf Hunter on June 25, 2023.
             Slain by Edmund
             ... wielding a +1 heavy flail
              (7 damage)
             ... on level 4 of the Dungeon.
             The game lasted 00:00:51 (2472 turns).

qw the Skirmisher (Deep Elf Hunter)                 Turns: 2472, Time: 00:00:51

Health: -2/30      AC:  9    Str: 10    XL:     5   Next: 95%
Magic:  7/7        EV: 11    Int: 14    God:
Gold:   146        SH:  5    Dex: 18    Spells: 4/4 levels left

rFire   . . .        Y - +0 shortbow
rCold   . . .        (shield currently unavailable)
rNeg    . . .        b - +0 ring mail
rPois   .            f - +0 helmet
rElec   .            (no cloak)
rCorr   .            (no gloves)
SInv    .            c - +2 pair of boots
Will    .....        e - amulet of reflection
Stlth   +            (no ring)
HPRegen 0.25/turn    (no ring)
MPRegen 0.10/turn

%: reflection
@: no status effects
A: no striking features
a: no special abilities


You were on level 4 of the Dungeon.
You visited 1 branch of the dungeon, and saw 4 of its levels.

You collected 146 gold pieces.


   Skills:
 - Level 2.1 Fighting
 + Level 9.0 Ranged Weapons
 - Level 1.0 Armour
 - Level 2.4 Dodging
 - Level 1.2 Stealth


You had 4 spell levels left.
You didn't know any spells.
Your spell library was empty.

Inventory:

Hand Weapons
 Y - a +0 shortbow (weapon)
Armour
 b - a +0 ring mail (worn)
 c - a +2 pair of boots (worn)
 f - a +0 helmet (worn)
Jewellery
 e - an amulet of reflection (around neck)
Potions
 d - 2 potions of curing
 h - a potion of might {unknown}

Dungeon Overview and Level Annotations

Branches:
Dungeon (4/15)
 Temple: D:4-7

Altars:
Cheibriados
Elyvilon
Gozag
Nemelex Xobeh
Zin

Shops:
D:1 !

Annotations:
D:4 Edmund


Message History

You shoot an arrow. The arrow hits Edmund.
Edmund is lightly wounded.
You shoot an arrow. The arrow barely misses Edmund.
You shoot an arrow. The arrow hits Edmund.
Edmund is moderately wounded.
You shoot an arrow. The arrow hits Edmund.
Edmund is moderately wounded.
You shoot an arrow. The arrow hits Edmund.
Edmund is heavily wounded.
You shoot an arrow. The arrow hits Edmund.
Edmund is heavily wounded.
Edmund hits you with a +1 heavy flail!
You shoot an arrow.
The arrow hits Edmund but does no damage.
Edmund is heavily wounded.
You shoot an arrow.
The arrow hits Edmund but does no damage.
Edmund is heavily wounded.
Edmund hits you with a +1 heavy flail!
You shoot an arrow. The arrow closely misses Edmund.
Edmund hits you with a +1 heavy flail.
You shoot an arrow. The arrow hits Edmund.
Edmund is severely wounded.
You shoot an arrow.
The arrow hits Edmund but does no damage.
Edmund is severely wounded.
You block Edmund's attack.
You shoot an arrow. The arrow hits Edmund.
Edmund is severely wounded.
Edmund gestures with his flail.
Edmund barely misses you.
You shoot an arrow. The arrow hits Edmund.
Edmund is severely wounded.
Edmund hits you with a +1 heavy flail.
You shoot an arrow. The arrow hits Edmund.
Edmund is almost dead.
You shoot an arrow. The arrow hits Edmund.
Edmund is almost dead.
Edmund hits you with a +1 heavy flail!
You die...

.. .# #.. ?# .. ##.#
###..####.##.###
#..#
#....#..............
...%.##
#.#.#..........(...
......
.$................#
....###
..................#
####
.......@..).......#
#...@..........##
#........%......#
#...............##
##...............#
##.....##.......##
##########.###..#
#.###..# #.##..##
#.....#


You could see Edmund.

Vanquished Creatures
  2 hounds (D:4)
  A jelly (D:4)
  Jessica (D:3)
  An iguana (D:4)
  An orc wizard (D:3)
  2 gnolls (D:4)
  An adder (D:2)
  4 orcs (D:3)
  6 bats
  5 endoplasms
  3 giant cockroaches
  7 goblins
  4 hobgoblins
  4 jackals (D:1)
  4 kobolds
  6 quokkas
  6 ball pythons
  3 frilled lizards
  3 rats
64 creatures vanquished.

Notes
Turn   | Place    | Note
-------+----------+-------------------------------------------
     0 | D:1      | qw the Deep Elf Hunter began the quest for the Orb.
     0 | D:1      | Reached XP level 1. HP: 12/12 MP: 3/3
     0 | D:1      | 0 ||| qw: Version: 0.3-a-22-g0ed2b0b
     0 | D:1      | 0 ||| qw: Game counter: 5704
     0 | D:1      | 0 ||| qw: Melee chars always use a shield: true
     0 | D:1      | 0 ||| qw: God list: Okawaru
     0 | D:1      | 0 ||| qw: Allow faded altars: false
     0 | D:1      | 0 ||| qw: Do Orc after clearing Dungeon:15 true
     0 | D:1      | 0 ||| qw: Do second Lair branch before Depths: true
     0 | D:1      | 0 ||| qw: Lair rune preference: random
     0 | D:1      | 0 ||| qw: Goals: Normal
     0 | D:1      | 0 ||| PLANNING D:1-11
    52 | D:1      | Found Omicvy's Distillery.
    56 | D:1      | 56 ||| SHOPLISTING potion of curing (36 gold, have 11).
    56 | D:1      | 56 ||| SHOPLISTING potion of enlightenment (60 gold, have
                  | 11).
    56 | D:1      | 56 ||| SHOPLISTING potion of heal wounds (60 gold, have
                  | 11).
   101 | D:1      | Reached XP level 2. HP: 15/16 MP: 4/4
   109 | D:1      | Reached skill level 6 in Ranged Weapons
   503 | D:1      | Reached XP level 3. HP: 20/20 MP: 5/5
   557 | D:1      | 557 ||| UPGRADING to amulet of reflection.
   562 | D:1      | 562 ||| READING scroll labelled XEQUNAMAIP.
   563 | D:1      | 563 ||| READING scroll labelled KUARON SIPTAZ.
   564 | D:1      | 564 ||| READING scroll labelled VAERAA GENA.
   567 | D:1      | 567 ||| DROPPING scroll of butterflies.
   876 | D:2      | Reached skill level 7 in Ranged Weapons
   892 | D:2      | 892 ||| UPGRADING to +0 helmet.
   897 | D:2      | 897 ||| Stepping ~*~*~tactically~*~*~ (water).
   900 | D:2      | 900 ||| UPGRADING to +0 scale mail.
   910 | D:2      | 910 ||| DROPPING +0 leather armour.
  1089 | D:2      | 1089 ||| DROPPING +6 ring of intelligence.
  1091 | D:2      | 1091 ||| READING 2 scrolls labelled POHEBE FIANOE.
  1092 | D:2      | 1092 ||| DRINKING 2 brown potions.
  1093 | D:2      | 1093 ||| DROPPING scroll of revelation.
  1545 | D:3      | Reached XP level 4. HP: 21/25 MP: 6/6
  1727 | D:3      | Found a glowing silver altar of Zin.
  1727 | D:3      | Noticed Jessica
  1732 | D:3      | Killed Jessica
  1733 | D:3      | Reached skill level 8 in Ranged Weapons
  1789 | D:3      | Found a snail-covered altar of Cheibriados.
  1789 | D:3      | Found a white marble altar of Elyvilon.
  1942 | D:3      | Found an opulent altar of Gozag.
  1942 | D:3      | Found a sparkling altar of Nemelex Xobeh.
  2188 | D:3      | 2188 ||| UPGRADING to +0 ring mail.
  2198 | D:3      | 2198 ||| UPGRADING to +2 pair of boots.
  2203 | D:3      | 2203 ||| DROPPING +0 scale mail.
  2282 | D:4      | Reached XP level 5. HP: 29/29 MP: 7/7
  2320 | D:4      | Reached skill level 9 in Ranged Weapons
  2323 | D:4      | HP: 7/29 [gnoll/+0 spear (2)]
  2324 | D:4      | 2324 ||| READING 2 scrolls of teleportation.
  2341 | D:4      | HP: 6/29 [hound (2)]
  2342 | D:4      | 2342 ||| READING scroll of teleportation.
  2451 | D:4      | Reached skill level 1 in Armour
  2457 | D:4      | Noticed Edmund
  2466 | D:4      | HP: 6/30 [Edmund/+1 heavy flail (3)]
  2472 | D:4      | Slain by Edmund

Levels and vault maps discovered:
D:1:      dpeg_arrival_solitude, layout_basic, serial_shops, shop,
          minmay_pentomino_q4
D:2:      layout_loops_corners, serial_bayou, serial_bayou_pond_e,
          serial_bayou_lake_a, serial_bayou_pond_c, serial_bayou_shore_b
D:3:      layout_loops_ring, chequers_temple_overflow_statue_of_worship,
          mainiacjoe_overflow_catwalk, uniq_jessica
D:4:      layout_rooms, mainiacjoe_overflow_brackets, amcnicky_altar_gilded,
          minmay_misc_feat_x, uniq_edmund, uniq_natasha

Skill      XL: |  1  2  3  4  5 |
---------------+----------------+-----
Ranged Weapons | 6 7 8 9 |  9.0
Fighting       | 2 |  2.1
Armour         | 1 |  1.0
Dodging        | |  2.4
Stealth        | |  1.2

Action                     |  1- 3 |  4- 6 || total
---------------------------+-------+-------++-------
   Fire: Shortbow          |    82 |   109 ||   191
    Use: Scroll            |     4 |     2 ||     6
         Potion            |     1 |       ||     1
 Armour: Leather armour    |     5 |       ||     5
         Scale mail        |     4 |     8 ||    12
         Ring mail         |       |    14 ||    14
  Dodge: Dodged            |    16 |    26 ||    42
  Block: Other             |     3 |    13 ||    16

Table legend:
 A = Non-vault XP
 B = Vault XP
 C = Vault XP percentage of total XP
 D = Non-vault monster count
 E = Vault monster count
 F = Vault count percentage of total count
                 A         B        C        D         E       F
            +---------+---------+-------+---------+---------+-------
      Total |     333 |      38 |  10.2 |      62 |       2 |   3.1
            +---------+---------+-------+---------+---------+-------
        D:1 |      44 |       1 |   2.2 |      26 |       1 |   3.7
        D:2 |      28 |       0 |   0.0 |       9 |       0 |   0.0
        D:3 |      67 |      37 |  35.6 |      18 |       1 |   5.3
        D:4 |     194 |       0 |   0.0 |       9 |       0 |   0.0
            +---------+---------+-------+---------+---------+-------
